 Dungeon Crawl Stone Soup version 0.29-a0-559-g359e09b9d1 (webtiles) character file.

Game seed: 12757153891162736632

65 xian the Slasher (level 3, -1/28 HPs)
             Began as a Demonspawn Gladiator on June 9, 2022.
             Slain by a gnoll
             ... wielding a +0 club
              (3 damage)
             ... on level 3 of the Dungeon.
             The game lasted 00:04:55 (2113 turns).

xian the Slasher (Demonspawn Gladiator)             Turns: 2113, Time: 00:04:56

Health: -1/28      AC: 17    Str: 16    XL:     3   Next: 94%
Magic:  3/3        EV: 11    Int:  9    God:
Gold:   96         SH:  0    Dex: 14    Spells: 2/2 levels left

rFire   . . .      SeeInvis .   k - +2 mace (protect)
rCold   . . .      Faith    .   (no shield)
rNeg    . . .      Spirit   .   m - +0 ring mail
rPois   .          Reflect  .   (helmet restricted)
rElec   .          Harm     .   (no cloak)
rCorr   .          Rampage  .   (no gloves)
Will    .....                   a - +2 pair of boots {Fly}
Stlth   +.........              n - amulet of the acrobat
HPRegen 0.09/turn               (no ring)
MPRegen 0.08/turn               (no ring)

@: under a protective aura, flying
A: antennae 1, thin metallic scales 1
a: no special abilities


You were on level 3 of the Dungeon.
You visited 1 branch of the dungeon, and saw 3 of its levels.

You collected 96 gold pieces.

Inventory:

Hand Weapons
 k - a +2 mace of protection (weapon)
Missiles
 d - 3 throwing nets (quivered)
 e - a javelin
 f - 7 poisoned darts
Armour
 a - a +2 pair of boots of flying (worn)
 m - a +0 ring mail (worn)
Jewellery
 n - an amulet of the acrobat (around neck)
Scrolls
 b - a scroll of magic mapping {unknown}
 g - 2 scrolls of teleportation {unknown}
 h - a scroll of immolation {unknown}
 i - a scroll of amnesia {unknown}
 j - 2 scrolls of vulnerability {unknown}
Potions
 l - a potion of brilliance
 o - a potion of might


   Skills:
 + Level 2.4 Fighting
 + Level 0.2(1.9) Short Blades
 + Level 3.1 Long Blades
 + Level 1.3 Maces & Flails
 + Level 2.0 Throwing
 + Level 0.4 Armour
 + Level 3.1 Dodging
 + Level 0.1 Stealth


You had 2 spell levels left.
You didn't know any spells.
Your spell library contained the following spells:

 Spells                   Type           Power      Damage    Failure   Level
 Slow                     Hex            0%         N/A       61%         1
 Confusing Touch          Hex            0%         N/A       93%         3
 Vampiric Draining        Necr           0%         2d6       93%         3


Dungeon Overview and Level Annotations

Branches:
Dungeon (3/15)

Altars:

Shops:
D:1 ((   D:2 (


Innate Abilities, Weirdness & Mutations

You have a pair of small antennae on your head.
You are partially covered in thin metallic scales. (AC +2)


Message History

You see here a throwing net.
The orc wizard points at you and mumbles some strange words.
The magic dart hits you.
You see here a throwing net.
The orc wizard casts a spell at you. The puff of flame misses you.
You feel less confused. The gnoll completely misses you.
You closely miss the gnoll. The gnoll hits you with a +0 spear.
The gnoll completely misses you.
You closely miss the gnoll.
The orc wizard mumbles some strange words.
The orc wizard flickers and vanishes!
Deactivating autopickup; reactivate with Ctrl-A.
The gnoll hits you from afar with a +0 spear.
The gnoll barely misses you.
You hit the gnoll.
Your weapon exudes an aura of protection.
The gnoll is heavily wounded.
The gnoll hits you but does no damage. The gnoll barely misses you.
The gnoll hits you but does no damage. x2
You hit the gnoll.
The gnoll is almost dead.
The gnoll hits you from afar with a +0 spear.
The gnoll barely misses you.
You barely miss the gnoll.
The gnoll is almost dead.
The gnoll hits you from afar with a +0 spear.
The gnoll hits you with a +0 spear.
You hit the gnoll.
You kill the gnoll!
The gnoll closely misses you. The gnoll barely misses you.
The gnoll hits you from afar with a +0 spear!
* * * LOW HITPOINT WARNING * * *
Your Maces & Flails skill increases to level 1!
You barely miss the gnoll. The gnoll hits you but does no damage.
The gnoll hits you from afar with a +0 spear.
* * * LOW HITPOINT WARNING * * *
The gnoll attacks as you move away! The gnoll hits you with a +0 club.
You die...

#............ #.........).g
######## #............ #......#
##...?........ #......# ######
............. #......####.....
#...........
#......##...#########.....#....
#...........†.@g{..(†..........
#......(.#######g########.##...
###......### #.# # .##..)...###
#.# .†.........# #.#
.##......#...# #.#
..#.########.. ..# ....# . ).#
....#


You could see 2 gnolls.

Vanquished Creatures
  A gnoll (D:3)
  A worm (D:2)
  A dart slug (D:3)
  4 bats
  5 endoplasms
  2 giant cockroaches
  5 goblins
  6 hobgoblins
  3 kobolds
  5 quokkas
  5 ball pythons
  5 frilled lizards
  4 rats (D:1)
47 creatures vanquished.

Notes
Turn   | Place    | Note
-------+----------+-------------------------------------------
     0 | D:1      | xian the Demonspawn Gladiator began the quest for the Orb.
     0 | D:1      | Reached XP level 1. HP: 16/16 MP: 1/1
    37 | D:1      | Found Aryitsim's Weapon Shoppe.
   305 | D:1      | Gained mutation: You are partially covered in thin metallic
                  | scales. (AC +2) [demonic ancestry]
   305 | D:1      | Reached XP level 2. HP: 17/21 MP: 2/2
   444 | D:1      | Found Qaavaahi's Weapon Shoppe.
  1104 | D:2      | Found Peilool's Weapon Boutique.
  1189 | D:2      | Gained mutation: You have a pair of small antennae on your
                  | head. [demonic ancestry]
  1189 | D:2      | Reached XP level 3. HP: 23/27 MP: 3/3
  1716 | D:2      | Identified a scroll of acquirement
  1717 | D:2      | Acquired a +2 pair of boots of flying
  2112 | D:3      | Reached skill level 1 in Maces & Flails
  2113 | D:3      | Slain by a gnoll

Illustrated notes

Levels and vault maps discovered:
D:1:      psy_arrival_dodecagon, layout_basic, serial_shops, shop,
          shop_fountains
D:2:      layout_loops_ring, serial_shops, nicolae_square_shop
D:3:      layout_rooms

Skill      XL: |  1  2  3 |
---------------+----------+-----
Throwing       | 2 |  2.0
Long Blades    | 3 |  3.1
Dodging        | 3 |  3.1
Maces & Flails | 1 |  1.3
Fighting       | |  2.4
Short Blades   | |  0.2
Armour         | |  0.4
Stealth        | |  0.1

Action                   || total
-------------------------++-------
Melee: Long sword        ||    13
       Short sword       ||    16
       Punch             ||     1
       Mace              ||    83
  Use: Scroll            ||     4
Armor: Leather armour    ||    25
       Ring mail         ||    23
Dodge: Dodged            ||    98

Table legend: (Time is in decaauts)
 A = Elapsed time spent in this place.
 B = Non-inter-level travel time spent in this place.
 C = Inter-level travel time spent in this place.
 D = Time resting spent in this place.
 E = Time spent auto-exploring this place.
 F = Levels seen in this place.
 G = Mean time per level.
                   A        B        C        D        E       F      G
               +--------+--------+--------+--------+--------+-----+--------+
         Total |   2147 |   2083 |     64 |      0 |   1479 |   3 |  715.7 |
       Dungeon |   2147 |   2083 |     64 |      0 |   1479 |   3 |  715.7 |
               +--------+--------+--------+--------+--------+-----+--------+

Top non-repeatable levels by time:
     D:1: 1107 daAuts
     D:2: 958 daAuts
     D:3: 81 daAuts
